| TOP OF THE 1ST |
|
Houston Astros batting - Pitching for Montreal Expos : LHP Michael Steen
|
|
Pitching: LHP Michael Steen
|
|
|
Batting: LHB Jose Cruz
|
0-0: Ball 1-0: Ball 2-0: Ball 3-0: Called Strike 3-1: Base on Balls
|
|
Batting: SHB Tom Herr
|
0-0: Grounds into double play, 4-6-3 (Groundball, 4, EV 80.0 MPH)
|
|
Batting: RHB Zail Smith
|
0-0: Fly out, F6 (Line Drive, 6, EV 71.9 MPH)
|
| Top of the 1st over - 0 runs, 0 hits, 0 errors, 0 left on base; Houston 0 - Montreal 0 |
| BOTTOM OF THE 1ST |
|
Montreal Expos batting - Pitching for Houston Astros : RHP Kevin Carr
|
|
Pitching: RHP Kevin Carr
|
|
|
Batting: RHB Juan Villa
|
0-0: Ball 1-0: Ball 2-0: Ball 3-0: Base on Balls
|
|
Batting: SHB Garry Templeton
|
0-0: Ball 1-0: Ball 2-0: Swinging Strike 2-1: Fly out, F9 (Flyball, 9D, EV 105.6 MPH)
|
|
Batting: LHB Kirk Gibson
|
0-0: Ball 1-0: Called Strike Juan Villa steals 2nd base 1-1: Called Strike 1-2: Ball 2-2: SINGLE (Groundball, 34D, EV 98.1 MPH) Juan Villa to third Runner from 3rd tries for Home, SAFE, throw by RF to home
|
|
Batting: RHB Dale Murphy
|
0-0: Ball Kirk Gibson is caught stealing 2nd base 2-4 1-0: Foul Ball, location: 2F 1-1: Ball 2-1: Swinging Strike 2-2: Ball 3-2: Strikes out looking
|
| Bottom of the 1st over - 1 run, 1 hit, 0 errors, 0 left on base; Houston 0 - Montreal 1 |
| TOP OF THE 2ND |
|
Houston Astros batting - Pitching for Montreal Expos : LHP Michael Steen
|
|
Batting: RHB John Castino
|
0-0: Ball 1-0: Foul Ball, location: 2F 1-1: Foul Ball, location: 2F 1-2: Foul Ball, location: 2F 1-2: Foul Ball, location: 2F 1-2: DOUBLE (Line Drive, 9LD, EV 107.5 MPH)
|
|
Batting: LHB Steve Kemp
|
0-0: Swinging Strike 0-1: Called Strike 0-2: Ball 1-2: Ball 2-2: Ball 3-2: Foul Ball, location: 2F 3-2: Strikes out swinging
|
|
Batting: SHB Christopher Clark
|
0-0: Swinging Strike 0-1: Foul Ball, location: 2F 0-2: Ball 1-2: Strikes out swinging
|
|
Batting: RHB Ricky Adams
|
0-0: Ball 1-0: Called Strike 1-1: Ground out 6-3 (Groundball, 6, EV 86.3 MPH)
|
| Top of the 2nd over - 0 runs, 1 hit, 0 errors, 1 left on base; Houston 0 - Montreal 1 |
| BOTTOM OF THE 2ND |
|
Montreal Expos batting - Pitching for Houston Astros : RHP Kevin Carr
|
|
Batting: RHB Dave Winfield
|
0-0: Called Strike 0-1: Ground out U3 (Groundball, 3, EV 83.8 MPH)
|
|
Batting: LHB Timnothy Meyer
|
0-0: Called Strike 0-1: Single, Error in OF, E8, batter to second base (Line Drive, 89S, EV 85.6 MPH)
|
|
Batting: RHB Philip Klimas
|
0-0: Called Strike 0-1: Ball 1-1: Called Strike 1-2: Ball 2-2: Ball 3-2: Foul Ball, location: 2F 3-2: Base on Balls
|
|
Batting: SHB Biff Pocoroba
|
0-0: Swinging Strike 0-1: Foul Ball, location: 2F 0-2: Strikes out swinging
|
|
Batting: RHB Michael Steen
|
0-0: Called Strike 0-1: Ground out 3-1 (Groundball, 34, EV 105.0 MPH)
|
| Bottom of the 2nd over - 0 runs, 1 hit, 1 error, 2 left on base; Houston 0 - Montreal 1 |
| TOP OF THE 3RD |
|
Houston Astros batting - Pitching for Montreal Expos : LHP Michael Steen
|
|
Batting: LHB Jerry Narron
|
0-0: Ground out 5-3 (Groundball, 5, EV 86.3 MPH)
|
|
Batting: RHB Kevin Carr
|
0-0: Swinging Strike 0-1: Called Strike 0-2: Strikes out swinging
|
|
Batting: LHB Jose Cruz
|
0-0: Ball 1-0: Swinging Strike 1-1: Ball 2-1: Ball 3-1: Base on Balls
|
|
Batting: SHB Tom Herr
|
0-0: Fly out, F3 (Line Drive, 3, EV 68.1 MPH)
|
| Top of the 3rd over - 0 runs, 0 hits, 0 errors, 1 left on base; Houston 0 - Montreal 1 |
| BOTTOM OF THE 3RD |
|
Montreal Expos batting - Pitching for Houston Astros : RHP Kevin Carr
|
|
Batting: RHB Juan Villa
|
0-0: Ball 1-0: Foul Ball, location: 2F 1-1: Ball 2-1: Foul Ball, location: 2F 2-2: Foul Ball, location: 2F 2-2: DOUBLE (Groundball, 5L, EV 107.5 MPH)
|
|
Batting: SHB Garry Templeton
|
0-0: SINGLE (Line Drive, 89M, EV 103.8 MPH) Juan Villa to third Runner from 3rd tries for Home, SAFE, throw by RF to home
|
|
Batting: LHB Kirk Gibson
|
0-0: Ball Garry Templeton is caught stealing 2nd base 2-6 1-0: Called Strike 1-1: Reached on error, E5 (Groundball, 56, EV 104.4 MPH)
|
|
Batting: RHB Dale Murphy
|
0-0: DOUBLE (Groundball, 5L, EV 103.8 MPH) Kirk Gibson scores
|
|
Batting: RHB Dave Winfield
|
0-0: Called Strike 0-1: Foul Ball, location: 2F 0-2: Ball 1-2: Fly out, F8 (Flyball, 78XD, EV 91.9 MPH) Runner from 2nd tags up, SAFE at 3rd, no throw by CF
|
|
Batting: LHB Timnothy Meyer
|
0-0: Called Strike 0-1: Fly out, F9 (Flyball, 89M, EV 90.6 MPH)
|
| Bottom of the 3rd over - 2 runs, 3 hits, 1 error, 1 left on base; Houston 0 - Montreal 3 |
| TOP OF THE 4TH |
|
Houston Astros batting - Pitching for Montreal Expos : LHP Michael Steen
|
|
Batting: RHB Zail Smith
|
0-0: Ball 1-0: Called Strike 1-1: Ball 2-1: Foul Ball, location: 2F 2-2: Fly out, F7 (Flyball, 7, EV 75.0 MPH)
|
|
Batting: RHB John Castino
|
0-0: Ball 1-0: Foul Ball, location: 2F 1-1: Called Strike 1-2: Strikes out looking
|
|
Batting: LHB Steve Kemp
|
0-0: Foul Ball, location: 2F 0-1: Ball 1-1: Ball 2-1: Swinging Strike 2-2: Ball 3-2: Foul Ball, location: 2F 3-2: Foul Ball, location: 2F 3-2: Foul Ball, location: 2F 3-2: Strikes out swinging
|
| Top of the 4th over - 0 runs, 0 hits, 0 errors, 0 left on base; Houston 0 - Montreal 3 |
| BOTTOM OF THE 4TH |
|
Montreal Expos batting - Pitching for Houston Astros : RHP Kevin Carr
|
|
Batting: RHB Philip Klimas
|
0-0: Called Strike 0-1: Swinging Strike 0-2: Strikes out swinging
|
|
Batting: SHB Biff Pocoroba
|
0-0: Swinging Strike 0-1: Foul Ball, location: 2F 0-2: Ball 1-2: Ball 2-2: Foul Ball, location: 2F 2-2: Ball 3-2: Foul Ball, location: 2F 3-2: Base on Balls
|
|
Pinch Hitting: LHB Guonçalo Fernandes
|
0-0: Called Strike Pickoff Throw to First - Error! E1 Biff Pocoroba to second 0-1: Ball 1-1: Ball 2-1: SINGLE (Line Drive, 4MD, EV 101.9 MPH) Biff Pocoroba to third Runner from 3rd tries for Home, SAFE, throw by CF to home
|
|
Batting: RHB Juan Villa
|
0-0: Ball 1-0: Foul Ball, location: 2F 1-1: Called Strike Guonçalo Fernandes is caught stealing 2nd base 2-4 1-2: Fly out, F8 (Line Drive, 8RD, EV 93.1 MPH)
|
| Bottom of the 4th over - 1 run, 1 hit, 1 error, 0 left on base; Houston 0 - Montreal 4 |
| TOP OF THE 5TH |
|
Houston Astros batting - Pitching for Montreal Expos : LHP Michael Steen
|
|
Pitching: RHP Jeff Reardon
|
|
|
Batting: SHB Christopher Clark
|
0-0: Ball 1-0: Swinging Strike 1-1: Foul Ball, location: 2F 1-2: Foul Ball, location: 2F 1-2: Ball 2-2: Foul Ball, location: 2F 2-2: Strikes out swinging
|
|
Batting: RHB Ricky Adams
|
0-0: Foul Ball, location: 2F 0-1: Swinging Strike 0-2: Ball 1-2: Foul Ball, location: 2F 1-2: Strikes out swinging
|
|
Batting: LHB Jerry Narron
|
0-0: Ball 1-0: Called Strike 1-1: Ball 2-1: Ground out 6-3 (Groundball, 6D, EV 109.4 MPH)
|
| Top of the 5th over - 0 runs, 0 hits, 0 errors, 0 left on base; Houston 0 - Montreal 4 |
| BOTTOM OF THE 5TH |
|
Montreal Expos batting - Pitching for Houston Astros : RHP Kevin Carr
|
|
Pitching: RHP Gilberto Mendoza
|
|
|
Batting: SHB Garry Templeton
|
0-0: Ball 1-0: SINGLE (Groundball, 4MD, EV 107.5 MPH)
|
|
Batting: LHB Kirk Gibson
|
0-0: Fly out, F8 (Flyball, 8LD, EV 85.6 MPH)
|
|
Batting: RHB Dale Murphy
|
0-0: Called Strike Garry Templeton steals 2nd base 0-1: Fly out, F9 (Line Drive, 9, EV 100.0 MPH)
|
|
Batting: RHB Dave Winfield
|
0-0: Called Strike 0-1: Ball 1-1: Swinging Strike 1-2: Ball 2-2: Ball 3-2: Ground out 4-3 (Groundball, 13, EV 83.1 MPH)
|
| Bottom of the 5th over - 0 runs, 1 hit, 0 errors, 1 left on base; Houston 0 - Montreal 4 |
| TOP OF THE 6TH |
|
Houston Astros batting - Pitching for Montreal Expos : RHP Jeff Reardon
|
|
Batting: RHB Gilberto Mendoza
|
0-0: Ball 1-0: Ball 2-0: Swinging Strike 2-1: Foul Ball, location: 2F 2-2: Foul Ball, location: 2F 2-2: Foul Ball, location: 2F 2-2: Ball 3-2: Strikes out swinging
|
|
Batting: LHB Jose Cruz
|
0-0: Called Strike 0-1: Ball 1-1: Ground out 4-3 (Groundball, 4, EV 86.3 MPH)
|
|
Batting: SHB Tom Herr
|
0-0: SINGLE (Line Drive, 8LS, EV 96.9 MPH)
|
|
Batting: RHB Zail Smith
|
0-0: Ball 1-0: DOUBLE (Line Drive, 8RXD, EV 108.1 MPH) Tom Herr to third Runner from 3rd tries for Home, SAFE, throw by CF to home
|
|
Batting: RHB John Castino
|
0-0: Ball 1-0: Foul Ball, location: 2F 1-1: Foul Ball, location: 2F 1-2: Ground out 2-3 (Groundball, 13S, EV 59.4 MPH)
|
| Top of the 6th over - 1 run, 2 hits, 0 errors, 1 left on base; Houston 1 - Montreal 4 |
| BOTTOM OF THE 6TH |
|
Montreal Expos batting - Pitching for Houston Astros : RHP Gilberto Mendoza
|
|
Batting: LHB Timnothy Meyer
|
0-0: Ball 1-0: Foul Ball, location: 2F 1-1: Ball 2-1: Ball 3-1: Called Strike 3-2: SINGLE (Line Drive, 89S, EV 103.1 MPH)
|
|
Batting: RHB Philip Klimas
|
0-0: Ball 1-0: Called Strike 1-1: Foul Ball, location: 2F 1-2: Foul Ball, location: 2F 1-2: Foul Ball, location: 2F 1-2: Strikes out swinging
|
|
Batting: SHB Biff Pocoroba
|
0-0: Ball 1-0: Reached on error, E6 (Groundball, 6D, EV 81.9 MPH) Timnothy Meyer to second
|
|
Pinch Hitting: LHB Doe Boyland
|
0-0: Fielders Choice at 2nd, 4-6 (Groundball, 4, EV 85.6 MPH) Timnothy Meyer to third
|
|
Pinch Hitting: LHB Duane Walker
|
0-0: Ball 1-0: Foul Ball, location: 2F 1-1: Swinging Strike 1-2: Ball 2-2: Foul Ball, location: 2F 2-2: 3-RUN HOME RUN (Line Drive, 89XD, EV 100.0 MPH), Distance : 464 ft
|
|
Pinch Hitting: SHB Alex Ortiz
|
0-0: Ball 1-0: Ground out 1-3 (Groundball, P, EV 65.6 MPH)
|
| Bottom of the 6th over - 3 runs, 2 hits, 1 error, 0 left on base; Houston 1 - Montreal 7 |
| TOP OF THE 7TH |
|
Houston Astros batting - Pitching for Montreal Expos : RHP Jeff Reardon
|
|
Pitching: RHP Anthony Dumaw
|
|
|
Now at SS: Alex Ortiz
|
|
|
Now in CF: Duane Walker
|
|
|
Batting: LHB Steve Kemp
|
0-0: Called Strike 0-1: Foul Ball, location: 2F 0-2: SINGLE (Line Drive, 34D, EV 103.1 MPH)
|
|
Batting: SHB Christopher Clark
|
0-0: Ball 1-0: Foul Ball, location: 2F 1-1: Ball 2-1: Foul Ball, location: 2F 2-2: Strikes out looking
|
|
Batting: RHB Ricky Adams
|
0-0: Called Strike 0-1: Ball 1-1: Fly out, F6 (Line Drive, 6, EV 65.0 MPH)
|
|
Batting: LHB Jerry Narron
|
0-0: Called Strike 0-1: Foul Ball, location: 2F 0-2: Foul Ball, location: 2F 0-2: Ball 1-2: Ball 2-2: Ground out 4-3 (Groundball, 4, EV 87.5 MPH)
|
| Top of the 7th over - 0 runs, 1 hit, 0 errors, 1 left on base; Houston 1 - Montreal 7 |
| BOTTOM OF THE 7TH |
|
Montreal Expos batting - Pitching for Houston Astros : RHP Gilberto Mendoza
|
|
Pinch Hitting: RHB Luis Sanchez
|
0-0: Ball 1-0: Ball 2-0: Ball 3-0: Called Strike 3-1: SINGLE (Line Drive, 3D, EV 98.8 MPH)
|
|
Pinch Hitting: LHB Gary Rajsich
|
0-0: Called Strike 0-1: Ball 1-1: Swinging Strike 1-2: Strikes out swinging
|
|
Pitching: RHP Ramon Molina
|
|
|
Pinch Hitting: SHB George D Wright
|
0-0: Ball 1-0: Foul Ball, location: 2F 1-1: DOUBLE (Line Drive, 7LM, EV 98.8 MPH) Luis Sanchez to third Runner from 3rd tries for Home, SAFE, throw by LF to home
|
|
Pinch Hitting: LHB Ernesto Quevedo
|
0-0: Ball 1-0: Ball 2-0: SINGLE (Line Drive, 4MD, EV 103.8 MPH) George D Wright to third Runner from 3rd tries for Home, SAFE, throw by CF to home
|
|
Batting: RHB Philip Klimas
|
0-0: Ball 1-0: Ball 2-0: Reached on error, E5 (Groundball, 5, EV 86.3 MPH) Ernesto Quevedo to second
|
|
Batting: SHB Biff Pocoroba
|
0-0: Called Strike 0-1: Ground out 6-3 (Groundball, 4MS, EV 79.4 MPH) Ernesto Quevedo to third Philip Klimas to second
|
|
Batting: RHB Anthony Dumaw
|
0-0: Foul Ball, location: 2F 0-1: Called Strike 0-2: Ball 1-2: Ball 2-2: Foul Ball, location: 2F 2-2: Ball 3-2: Base on Balls
|
|
Batting: LHB Duane Walker
|
0-0: Foul Ball, location: 2F 0-1: Ball 1-1: Swinging Strike 1-2: Ball 2-2: Strikes out swinging
|
| Bottom of the 7th over - 2 runs, 3 hits, 1 error, 3 left on base; Houston 1 - Montreal 9 |
| TOP OF THE 8TH |
|
Houston Astros batting - Pitching for Montreal Expos : RHP Anthony Dumaw
|
|
Now at 1B: Gary Rajsich
|
|
|
Now at 2B: Ernesto Quevedo
|
|
|
Now in LF: George D Wright
|
|
|
Now in RF: Luis Sanchez
|
|
|
Batting: SHB Ramon Molina
|
0-0: Called Strike 0-1: Called Strike 0-2: Ball 1-2: Foul Ball, location: 2F 1-2: Foul Ball, location: 2F 1-2: Ground out 1-3 (Groundball, 15S, EV 73.1 MPH)
|
|
Pinch Hitting: RHB Dave Valle
|
0-0: Foul Ball, location: 2F 0-1: Foul Ball, location: 2F 0-2: Ball 1-2: Ball 2-2: Foul Ball, location: 2F 2-2: Foul Ball, location: 2F 2-2: SINGLE (Groundball, 34D, EV 97.5 MPH)
|
|
Pinch Hitting: SHB Bill D Doran
|
0-0: Ball 1-0: SINGLE (Groundball, 4MD, EV 105.0 MPH) Dave Valle to second
|
|
Pinch Hitting: RHB Mickey Hatcher
|
0-0: Called Strike 0-1: SINGLE (Line Drive, 6D, EV 100.0 MPH) Dave Valle to third Bill D Doran to second
|
|
Pinch Hitting: RHB Nick Esasky
|
0-0: Ball 1-0: Ball 2-0: Ball 3-0: Called Strike 3-1: Reached on error, E4 (Groundball, 4, EV 108.8 MPH) Dave Valle scores Bill D Doran to third Mickey Hatcher to second
|
|
Batting: LHB Steve Kemp
|
0-0: Ball 1-0: GRAND SLAM HOME RUN (Flyball, 78XD, EV 108.8 MPH), Distance : 430 ft
|
|
Pitching: RHP Adrian Devine
|
|
|
Batting: SHB Christopher Clark
|
0-0: Foul Ball, location: 2F 0-1: Called Strike 0-2: Ball 1-2: Ball 2-2: Fly out, F9 (Flyball, 9LM, EV 104.4 MPH)
|
|
Pinch Hitting: RHB Julio Franco
|
0-0: Ball 1-0: Ground out 5-3 (Groundball, 5, EV 87.5 MPH)
|
| Top of the 8th over - 5 runs, 4 hits, 1 error, 0 left on base; Houston 6 - Montreal 9 |
| BOTTOM OF THE 8TH |
|
Montreal Expos batting - Pitching for Houston Astros : RHP Ramon Molina
|
|
Now at 1B: Dave Valle
|
|
|
Now at 2B: Bill D Doran
|
|
|
Now at 3B: Nick Esasky
|
|
|
Now at SS: Julio Franco
|
|
|
Now in LF: Mickey Hatcher
|
|
|
Batting: SHB Alex Ortiz
|
0-0: Ball 1-0: Ball 2-0: Swinging Strike 2-1: Ball 3-1: Base on Balls
|
|
Batting: RHB Luis Sanchez
|
0-0: SINGLE (Groundball, 56, EV 100.6 MPH) Alex Ortiz to second
|
|
Batting: LHB Gary Rajsich
|
0-0: Called Strike 0-1: Called Strike 0-2: Fly out, F5 (Popup, 56S, EV 69.4 MPH)
|
|
Batting: SHB George D Wright
|
0-0: Ball 1-0: Ball 2-0: Fly out, F7 (Flyball, 7, EV 91.3 MPH)
|
|
Batting: LHB Ernesto Quevedo
|
0-0: Ground out 4-3 (Groundball, 4, EV 85.0 MPH)
|
| Bottom of the 8th over - 0 runs, 1 hit, 0 errors, 2 left on base; Houston 6 - Montreal 9 |
| TOP OF THE 9TH |
|
Houston Astros batting - Pitching for Montreal Expos : RHP Adrian Devine
|
|
Batting: LHB Jerry Narron
|
0-0: Ball 1-0: Ball 2-0: Ball 3-0: Base on Balls
|
|
Pinch Hitting: LHB George Vukovich
|
0-0: Swinging Strike 0-1: Foul Ball, location: 2F 0-2: Ball 1-2: Foul Ball, location: 2F 1-2: Ground out U3 (Groundball, 13, EV 81.3 MPH) Jerry Narron to second
|
|
Batting: RHB Dave Valle
|
0-0: Foul Ball, location: 2F 0-1: Ball 1-1: Foul Ball, location: 2F 1-2: Ball 2-2: Foul Ball, location: 2F 2-2: Foul Ball, location: 2F 2-2: Strikes out swinging
|
|
Batting: SHB Bill D Doran
|
0-0: Fly out, F7 (Line Drive, 7, EV 90.6 MPH)
|
| Top of the 9th over - 0 runs, 0 hits, 0 errors, 1 left on base; Houston 6 - Montreal 9 |
|